 Dungeon Crawl Stone Soup version 0.30-a0-29-g142975f185 (webtiles) character file.

Game seed: 6810790747011195646

7 Popsloth the Stinger (level 2, 0/17 HPs)
             Began as an Octopode Venom Mage on Aug 26, 2022.
             Slain by a goblin
             ... wielding a +0 dagger
              (3 damage)
             ... on level 1 of the Dungeon.
             The game lasted 00:02:09 (159 turns).

Popsloth the Stinger (Octopode Venom Mage)           Turns: 159, Time: 00:02:09

Health: 0/17       AC:  1    Str:  7    XL:     2   Next: 0%
Magic:  0/5        EV: 10    Int: 17    God:
Gold:   18         SH:  0    Dex: 12    Spells: 4/5 levels left

rFire   . . .      SeeInvis .    (no weapon)
rCold   . . .      Faith    .    (no shield)
rNeg    . . .      Spirit   .    (helmet restricted)
rPois   .          Reflect  .    (no amulet)
rElec   .          Harm     .    (no ring)
rCorr   .          Rampage  .    (no ring)
Will    .....                    (no ring)
Stlth   +++.......               (no ring)
HPRegen 0.05/turn                (no ring)
MPRegen 0.09/turn                (no ring)
                                 (no ring)
                                 (no ring)

@: constricted
A: almost no armour, amphibious, 8 rings, camouflage 1, gelatinous body 1,
(nimble swimmer 1), tentacles
a: no special abilities


You were on level 1 of the Dungeon.
You visited 1 branch of the dungeon, and saw 1 of its levels.

You collected 18 gold pieces.

Inventory:

Magical Staves
 f - a staff of cold
Scrolls
 b - a scroll of identify {unknown}
 d - a scroll of blinking {unknown}
 e - a scroll of summoning {unknown}
Potions
 a - a potion of magic
 c - a potion of degeneration {unknown}
 g - 2 potions of curing {unknown}


   Skills:
 + Level 2.1 Dodging
 * Level 3.1 Stealth
 + Level 2.1 Spellcasting
 - Level 1.0 Transmutations
 + Level 3.7 Poison Magic


You had 4 spell levels left.
You knew the following spells:

 Your Spells              Type           Power      Damage    Failure   Level
a - Sting                 Tmut/Pois      36%        1d4       8%          1

Your spell library contained the following spells:

 Spells                   Type           Power      Damage    Failure   Level
 Poisonous Vapours        Pois/Air       16%        N/A       14%         2
 Mephitic Cloud           Conj/Pois/Air  6%         N/A       34%         3
 Olgreb's Toxic Radiance  Pois           14%        N/A       38%         4


Dungeon Overview and Level Annotations

Branches:
Dungeon (1/15)

Altars:


Innate Abilities, Weirdness & Mutations

You cannot wear most types of armour.
You are amphibious.
You can wear up to eight rings at the same time.
Your skin changes colour to match your surroundings (Stealth+).
Your rubbery body absorbs attacks. (AC +1, EV +1)
((You are camouflaged when in or above water. (Stealth+)))
You have tentacles for arms and can constrict up to eight enemies at once.


Message History

The ball python hisses angrily.
The goblin shouts!
Casting: Sting (safe; 8% risk of failure)
Confirm with . or Enter, or press ? or * to list all spells.
You can't see any susceptible monsters within range! (Use Z to cast anyway.)
The ball python bites you. The ball python grabs you.
The ball python constricts you.
You escape the ball python's grasp.
The giant cockroach attacks as you move away!
The giant cockroach bites you.
Casting: Sting (safe; 8% risk of failure)
Confirm with . or Enter, or press ? or * to list all spells.
Aiming: Sting (safe; 8% risk of failure)
Press: ? - help, Shift-Dir - straight line, f - giant cockroach
Aim: a giant cockroach (68% to hit)
The sting hits the giant cockroach.
The giant cockroach is poisoned.
The giant cockroach is heavily wounded.
The giant cockroach barely misses you.
Casting: Sting (safe; 8% risk of failure)
Confirm with . or Enter, or press ? or * to list all spells.
Aiming: Sting (safe; 8% risk of failure)
Press: ? - help, Shift-Dir - straight line, f - ball python, p - giant cockroach
Aim: a ball python (64% to hit)
The sting hits the ball python.
The ball python is poisoned.
The ball python is heavily wounded.
You kill the giant cockroach!
The ball python bites you. The ball python grabs you.
The ball python constricts you.
* * * LOW HITPOINT WARNING * * *
You have reached level 2!
Casting: Sting (safe; 8% risk of failure)
Confirm with . or Enter, or press ? or * to list all spells.
Aiming: Sting (safe; 8% risk of failure)
Press: ? - help, Shift-Dir - straight line, f - goblin, p - ball python
Aim: a goblin, wielding a +0 dagger (60% to hit)
The sting misses the goblin.
The ball python bites you.
* * * LOW HITPOINT WARNING * * *
The ball python constricts you.
* * * LOW HITPOINT WARNING * * *
The goblin hits you with a +0 dagger.
You die...

###.....#
###.......##
###..........
#!.........#### #
#...........# ..#
#.........#.
#...###.........
#...Sg.##.....
###..@........
###.[..####.
###......#
###.......(#
#.###..........##
#........†.........
...#.#.##...#.....
#....#...#.....
####.#...#.....


You could see a goblin and a ball python (poisoned).

Vanquished Creatures
  A dart slug (D:1)
  A bat (D:1)
  2 giant cockroaches (D:1)
4 creatures vanquished.

Notes
Turn   | Place    | Note
-------+----------+-------------------------------------------
     0 | D:1      | Popsloth the Octopode Venom Mage began the quest for the
                  | Orb.
     0 | D:1      | Reached XP level 1. HP: 11/11 MP: 3/3
   159 | D:1      | Reached XP level 2. HP: 5/17 MP: 1/5
   159 | D:1      | Slain by a goblin

Illustrated notes

Levels and vault maps discovered:
D:1:      dreamdust_arrival_beginning_and_end, layout_basic,
          ebering_ecumenical_altar_petrified, minmay_unequal

Skill      XL: |  1 |
---------------+----+-----
Stealth        | 3 |  3.1
Dodging        | |  2.1
Spellcasting   | |  2.1
Transmutations | |  1.0
Poison Magic   | |  3.7

Action                   || total
-------------------------++-------
Melee: Unarmed           ||     6
       Constrict         ||     2
       Tentacles         ||     2
 Cast: Sting             ||     5
Armor: Skin              ||     1
Dodge: Dodged            ||     7

Table legend: (Time is in decaauts)
 A = Elapsed time spent in this place.
 B = Non-inter-level travel time spent in this place.
 C = Inter-level travel time spent in this place.
 D = Time resting spent in this place.
 E = Time spent auto-exploring this place.
 F = Levels seen in this place.
 G = Mean time per level.
                   A        B        C        D        E       F      G
               +--------+--------+--------+--------+--------+-----+--------+
         Total |    159 |    159 |      0 |      0 |    106 |   1 |  159.0 |
       Dungeon |    159 |    159 |      0 |      0 |    106 |   1 |  159.0 |
               +--------+--------+--------+--------+--------+-----+--------+

Top non-repeatable levels by time:
     D:1: 159 daAuts
